cohdb
Replays
Latest Replays
All Replays
Popular Replays
Top Player Replays
Match Explorer
How It Works
Community
CoH3 Stats
Reddit
Sign in to upload your games and track your stats! →
Sign in with Steam
Match 44092781
Unlisted
Match 44092781
Overview
Messages
Build Orders
End
Engineer Squad
Construct Barracks
Selects Heavy Weapons
Riflemen Squad
Riflemen Squad
Construct Weapon Support Center
M1919 Machine Gun Team
Grenade Package
Bazooka Squad
Air Support Center
Mortar Pit
M3 Armored Personnel Carrier
Selects Assault Carriers
Selects Exchangeable Parts
M3 Assault Carrier
Riflemen Squad
.30 cal Machine Gun
Bazooka Squad
Riflemen Squad
M1918 Browning Automatic Rifles
M3 Assault Carrier
Grasshopper Recon Run
.#||Břêâķêř||
StarMinD
Aleloons
SilkyRex909
Ol'Smokey
De@d€ye
IronDragon
skyhawkfranky
0
0
Comments
sign in to comment!
No comments posted yet!